Sharks vs Devils
Created - October 11, 2017 at 23:27
Goals
|
Sharks |
1 |
1 |
1 |
3 |
Devils |
1 |
3 |
1 |
5 |
|
Shots
|
Sharks |
7 |
6 |
10 |
23 |
Devils |
5 |
12 |
4 |
21 |
|
1st period
1. Sharks , Brad Boyes 1 (David Legwand 1) at 7:41 (PP)
2. Devils , Brent Seabrook 1 (Jordan Eberle 1, Dominic Moore 1) at 17:38 (PP)
Penalties :
Matt Duchene (NJD) for Slashing (Minor) at 7:35, Cal Clutterbuck (SJS) for Roughing (Minor) at 10:16, Jordan Eberle (NJD) for Hooking (Minor) at 15:12, T.J. Hensick (SJS) for Roughing (Minor) at 16:54
2nd period
3. Devils , Ted Purcell 1 (Adam Larsson 1, Jordan Eberle 2) at 9:11
4. Devils , Ryan Johansen 1 (Ted Purcell 1, Jordan Eberle 3) at 9:48
5. Sharks , Ryane Clowe 1 (Chris Campoli 1, Cal Clutterbuck 1) at 15:50
6. Devils , Ilya Kovalchuk 1 (Ryan Whitney 1) at 16:04
Penalties :
Derek Boogaard (SJS) for Hooking (Minor) at 1:28, Brad Boyes (SJS) for Holding (Minor) at 16:07
3rd period
7. Devils , Ted Purcell 2 (Dominic Moore 2, Tyler Cuma 1) at 1:37 (PP)
8. Sharks , Brad Boyes 2 (Derek Boogaard 1, David Legwand 2) at 1:54
Penalties :
Ryane Clowe (SJS) for Tripping (Minor) at 0:34, Erik Cole (SJS) for Tripping (Minor) at 6:21, Mike Komisarek (NJD) for Holding (Minor) at 6:37, Boris Valabik (SJS) for Hooking (Minor) at 18:28
Goalie Stats
Frederik Andersen (SJS), 12 saves from 16 shots - (0.750), L, 0-1-0, 36:04 minutes
Justin Pogge (SJS), 4 saves from 5 shots - (0.800), 23:56 minutes
Cam Ward (NJD), 20 saves from 23 shots - (0.870), W, 1-0-0, 60:00 minutes
Players Stats for Sharks
Player Name G A P +/- PIM S H SB GA TA FO MP PP MP PK MP
------------------------------------------------------------------------------------
Andrej Sekera 0 0 0 0 0 0 3 1 0 1 0/0 19:49 0:40 3:30
Antoine Vermette 0 0 0 0 0 3 2 0 0 0 3/5 19:28 0:49 2:46
Boris Valabik 0 0 0 0 2 0 0 2 0 0 0/0 11:49 0:00 0:00
Brad Boyes 2 0 2 -1 2 4 2 0 0 0 1/1 20:27 1:05 4:33
Cal Clutterbuck 0 1 1 0 2 0 3 1 0 1 0/0 15:59 0:49 0:00
Chris Campoli 0 1 1 -1 0 0 0 2 0 0 0/0 19:36 0:40 3:30
Damien Brunner 0 0 0 0 0 0 0 0 0 0 0/0 6:08 0:00 0:00
David Legwand 0 2 2 -1 0 1 3 1 1 0 20/37 24:57 1:05 5:38
Derek Boogaard 0 1 1 -1 2 2 2 0 0 0 1/2 18:07 1:04 2:47
Erik Cole 0 0 0 0 2 1 1 0 0 0 0/1 14:12 0:01 2:28
Greg Campbell 0 0 0 0 0 0 2 0 0 0 3/5 8:53 0:10 0:04
Kevin Shattenkirk 0 0 0 0 0 3 0 2 0 1 0/0 24:57 1:24 5:44
Kim Johnsson 0 0 0 0 0 0 0 0 0 0 0/0 4:20 0:00 0:00
Mark Streit 0 0 0 0 0 0 0 0 0 0 0/0 11:39 0:00 0:00
Mike Green 0 0 0 -1 0 3 2 1 0 1 0/0 27:49 1:24 5:44
Nick Palmieri 0 0 0 0 0 1 1 1 1 0 0/1 11:08 0:10 0:00
Ryane Clowe 1 0 1 0 2 5 1 0 1 0 0/0 16:16 0:49 0:12
T.J. Hensick 0 0 0 0 2 0 0 0 0 0 1/2 13:05 0:09 0:00
Players Stats for Devils
Player Name G A P +/- PIM S H SB GA TA FO MP PP MP PK MP
------------------------------------------------------------------------------------
Adam Larsson 0 1 1 2 0 0 1 1 0 0 0/0 15:35 0:41 0:00
Anthony Stewart 0 0 0 -1 0 2 3 0 0 0 0/1 10:45 0:00 0:43
Brad Richardson 0 0 0 0 0 0 0 0 0 0 0/0 10:26 0:27 0:00
Brandon Bollig 0 0 0 -1 0 0 0 0 0 0 0/0 9:51 0:00 0:00
Brent Seabrook 1 0 1 -2 0 2 5 1 0 1 0/0 26:57 4:52 1:05
Dominic Moore 0 2 2 0 0 1 3 0 0 0 1/7 16:35 4:26 1:14
Ilya Kovalchuk 1 0 1 1 0 4 4 2 1 1 0/1 21:13 4:48 0:28
Jon Merrill 0 0 0 1 0 0 0 2 0 0 0/0 13:24 0:00 0:16
Jordan Eberle 0 3 3 1 2 2 4 0 0 0 1/2 18:11 5:15 0:20
Kellan Lain 0 0 0 0 0 0 3 0 0 0 0/0 10:42 0:00 0:49
Matt Duchene 0 0 0 1 2 4 3 0 1 0 16/32 21:28 4:48 0:34
Mike Komisarek 0 0 0 1 2 0 3 0 1 0 0/0 19:56 5:32 0:49
Ryan Johansen 1 0 1 1 0 2 0 0 0 0 4/8 11:19 0:00 0:00
Ryan Whitney 0 1 1 2 0 1 1 0 0 0 0/0 19:51 3:41 0:59
Steve Downie 0 0 0 1 0 1 2 0 0 1 1/1 19:42 3:59 0:00
Steve Ott 0 0 0 -1 0 0 0 0 0 0 1/1 9:51 0:00 0:00
Ted Purcell 2 1 3 1 0 2 0 0 0 0 1/1 15:25 3:59 0:00
Tyler Cuma 0 1 1 -2 0 0 4 2 1 0 0/0 24:42 3:41 0:59
3 Stars
1 - Ted Purcell (NJD)
2 - Jordan Eberle (NJD)
3 - Ilya Kovalchuk (NJD)
Power Play
Sharks - 1 on 3 Attempt(s) - 33.33%
Devils - 2 on 7 Attempt(s) - 28.57%
Penalty Kill
Sharks - 5 on 7 Attempt(s) - 71.43%
- Score 0 goal in Penalty Kill
Devils - 2 on 3 Attempt(s) - 66.67%
- Score 0 goal in Penalty Kill
Team Stat
Sharks - Hits : 22 - Faceoff Wins : 29 - Blocked Shots : 11 - Penalty Minutes : 14
Devils - Hits : 36 - Faceoff Wins : 25 - Blocked Shots : 8 - Penalty Minutes : 6
Official
Referees : McCreary Bill and Pochmara Brian
Linesman : Jay Sharrers and Bryan Pancich
Game Notes
Justin Pogge enters game at 16:04 of 2nd period
Finance
Level 1 -- Attendance: 5470 (91.17%) -- Ticket Income $492,300
Level 2 -- Attendance: 5000 (100.00%) -- Ticket Income $285,000
Level 3 -- Attendance: 1921 (96.05%) -- Ticket Income $63,393
Level 4 -- Attendance: 3474 (86.85%) -- Ticket Income $86,850
Luxury Box -- Attendance: 1000 (100.00%) -- Ticket Income $155,000
Game was played at the The prudential Center.
Total Attendance: 16865 (93.69%)
Total Ticket Income: $1,082,543
Other Income: $162,381
Total Income: $1,244,924
Sharks
5 vs 5 Forward
Center Left Wing Right Wing Time % Phy DF OF
1 David Legwand Derek Boogaard Brad Boyes 40 1 2 2
2 Antoine Vermette Ryane Clowe Cal Clutterbuck 30 1 2 2
3 T.J. Hensick Erik Cole Nick Palmieri 20 1 2 2
4 Greg Campbell David Legwand Damien Brunner 10 1 2 2
5 vs 5 Defense
Defense Defense Time % Phy DF OF
1 Mike Green Kevin Shattenkirk 40 1 2 2
2 Chris Campoli Andrej Sekera 30 1 2 2
3 Boris Valabik Mark Streit 20 1 2 2
4 Kim Johnsson Mike Green 10 1 2 2
PowerPlay Forward
Center Left Wing Right Wing Time % Phy DF OF
1 David Legwand Derek Boogaard Brad Boyes 60 1 2 2
2 Antoine Vermette Ryane Clowe Cal Clutterbuck 40 1 2 2
PowerPlay Defense
Defense Defense Time % Phy DF OF
1 Mike Green Kevin Shattenkirk 60 1 2 2
2 Chris Campoli Andrej Sekera 40 1 2 2
Penalty Kill 4 Players Forward
Center Wing Time % Phy DF OF
1 David Legwand Brad Boyes 60 1 2 2
2 Derek Boogaard Antoine Vermette 40 1 2 2
Penalty Kill 4 Players Defense
Defense Defense Time % Phy DF OF
1 Mike Green Kevin Shattenkirk 60 1 2 2
2 Chris Campoli Andrej Sekera 40 1 2 2
Penalty Kill - 3 Players Forward
Forward Time % Phy DF OF
1 David Legwand 60 1 2 2
2 Brad Boyes 40 1 2 2
Penalty Kill - 3 Players Defense
Defense Defense Time % Phy DF OF
1 Mike Green Kevin Shattenkirk 60 1 2 2
2 Chris Campoli Andrej Sekera 40 1 2 2
4 vs 4 Forward
Center Wing Time % Phy DF OF
1 David Legwand Brad Boyes 60 1 2 2
2 Derek Boogaard Antoine Vermette 40 1 2 2
4 vs 4 Defense
Defense Defense Time % Phy DF OF
1 Mike Green Kevin Shattenkirk 60 1 2 2
2 Chris Campoli Andrej Sekera 40 1 2 2
Last Minutes Offensive
Center Left Wing Right Wing Defense Defense
David Legwand Derek Boogaard Brad Boyes Mike Green Kevin Shattenkirk
Last Minutes Defensive
Center Left Wing Right Wing Defense Defense
David Legwand Derek Boogaard Brad Boyes Mike Green Kevin Shattenkirk
Goaltenders
Starting : Frederik Andersen
Backup : Justin Pogge
Extra Forwards
Normal : T.J. Hensick, Greg Campbell, Erik Cole - PP : T.J. Hensick, Greg Campbell - PK : Erik Cole
Extra Defensemen
Normal : Boris Valabik, Mark Streit, Kim Johnsson - PP : Boris Valabik - PK : Mark Streit, Kim Johnsson
Penalty Shots
David Legwand, Brad Boyes, Derek Boogaard, Antoine Vermette, Ryane Clowe
Scratches
Patrick Davis (Suspend), Martin Erat (Healthy), Patrick O'Sullivan (Healthy), Oskar Osala (Healthy)
Devils
5 vs 5 Forward
Center Left Wing Right Wing Time % Phy DF OF
1 Matt Duchene Ilya Kovalchuk Steve Downie 40 0 2 3
2 Ryan Johansen Ted Purcell Jordan Eberle 30 0 2 3
3 Dominic Moore Kellan Lain Brad Richardson 20 1 2 2
4 Steve Ott Brandon Bollig Anthony Stewart 10 1 2 2
5 vs 5 Defense
Defense Defense Time % Phy DF OF
1 Brent Seabrook Tyler Cuma 40 1 2 2
2 Ryan Whitney Adam Larsson 30 1 2 2
3 Mike Komisarek Jon Merrill 20 1 2 2
4 Jon Merrill Mike Komisarek 10 1 2 2
PowerPlay Forward
Center Left Wing Right Wing Time % Phy DF OF
1 Matt Duchene Ilya Kovalchuk Jordan Eberle 60 0 2 3
2 Dominic Moore Ted Purcell Steve Downie 40 0 2 3
PowerPlay Defense
Defense Defense Time % Phy DF OF
1 Brent Seabrook Mike Komisarek 60 1 2 2
2 Ryan Whitney Tyler Cuma 40 1 2 2
Penalty Kill 4 Players Forward
Center Wing Time % Phy DF OF
1 Dominic Moore Jordan Eberle 60 1 2 2
2 Matt Duchene Steve Downie 40 1 2 2
Penalty Kill 4 Players Defense
Defense Defense Time % Phy DF OF
1 Brent Seabrook Mike Komisarek 60 1 2 2
2 Ryan Whitney Tyler Cuma 40 1 2 2
Penalty Kill - 3 Players Forward
Forward Time % Phy DF OF
1 Ilya Kovalchuk 60 1 2 2
2 Jordan Eberle 40 1 2 2
Penalty Kill - 3 Players Defense
Defense Defense Time % Phy DF OF
1 Brent Seabrook Mike Komisarek 60 1 2 2
2 Ryan Whitney Tyler Cuma 40 1 2 2
4 vs 4 Forward
Center Wing Time % Phy DF OF
1 Dominic Moore Jordan Eberle 60 1 2 2
2 Matt Duchene Ilya Kovalchuk 40 1 2 2
4 vs 4 Defense
Defense Defense Time % Phy DF OF
1 Brent Seabrook Mike Komisarek 60 1 2 2
2 Ryan Whitney Tyler Cuma 40 1 2 2
Last Minutes Offensive
Center Left Wing Right Wing Defense Defense
Matt Duchene Ilya Kovalchuk Jordan Eberle Brent Seabrook Tyler Cuma
Last Minutes Defensive
Center Left Wing Right Wing Defense Defense
Matt Duchene Ilya Kovalchuk Jordan Eberle Brent Seabrook Mike Komisarek
Goaltenders
Starting : Cam Ward
Backup : James Reimer
Extra Forwards
Normal : Brad Richardson, Kellan Lain, Anthony Stewart - PP : Brad Richardson, Kellan Lain - PK : Anthony Stewart
Extra Defensemen
Normal : Adam Larsson, Jon Merrill, Ryan Whitney - PP : Adam Larsson - PK : Jon Merrill, Ryan Whitney
Penalty Shots
Ilya Kovalchuk, Jordan Eberle, Matt Duchene, Steve Downie, Ted Purcell
Scratches
Adam Pardy (Healthy), Kyle Cumiskey (Healthy)
% Time on Ice - Sharks
Lines # - Real PCT - Wanted PCT - Time Play
Normal Forward
1 - 29% - 40% - 13:19
2 - 35% - 30% - 16:17
3 - 23% - 20% - 10:58
4 - 13% - 10% - 6:08
Normal Defense
1 - 36% - 40% - 16:41
2 - 31% - 30% - 14:34
3 - 25% - 20% - 11:35
4 - 8% - 10% - 3:52
PP Forward
1 - 52% - 60% - 1:05
2 - 48% - 40% - 0:59
PP Defense
1 - 68% - 60% - 1:24
2 - 32% - 40% - 0:40
PK Forward
1 - 78% - 60% - 7:11
2 - 22% - 40% - 2:03
PK Defense
1 - 62% - 60% - 5:44
2 - 38% - 40% - 3:30
PK3 Forward
1 - 0% - 60%
2 - 0% - 40%
PK3 Defense
1 - 0% - 60%
2 - 0% - 40%
44 Forward
1 - 85% - 60% - 1:42
2 - 15% - 40% - 0:18
44 Defense
1 - 57% - 60% - 1:08
2 - 43% - 40% - 0:52
Last Minute Offensive - 0:00
Last Minute Defensive - 0:00
Total
Forward - 60:00
Defense - 60:00
|
% Time on Ice - Devils
Lines # - Real PCT - Wanted PCT - Time Play
Normal Forward
1 - 34% - 40% - 16:02
2 - 24% - 30% - 11:26
3 - 20% - 20% - 9:23
4 - 21% - 10% - 9:51
Normal Defense
1 - 42% - 40% - 19:40
2 - 31% - 30% - 14:31
3 - 18% - 20% - 8:34
4 - 8% - 10% - 3:57
PP Forward
1 - 57% - 60% - 5:15
2 - 43% - 40% - 3:59
PP Defense
1 - 60% - 60% - 5:33
2 - 40% - 40% - 3:41
PK Forward
1 - 100% - 60% - 2:04
2 - 0% - 40% - 0:00
PK Defense
1 - 52% - 60% - 1:05
2 - 48% - 40% - 0:59
PK3 Forward
1 - 0% - 60%
2 - 0% - 40%
PK3 Defense
1 - 0% - 60%
2 - 0% - 40%
44 Forward
1 - 83% - 60% - 1:39
2 - 18% - 40% - 0:21
44 Defense
1 - 67% - 60% - 1:20
2 - 33% - 40% - 0:40
Last Minute Offensive - 0:00
Last Minute Defensive - 0:00
Total
Forward - 60:00
Defense - 60:00
|
Play by Play
1st period
0:01 of 1st period - David Legwand wins face-off versus Matt Duchene in neutral zone.
0:14 of 1st period - Mike Green is hit by Ilya Kovalchuk and loses puck.
0:35 of 1st period - Wrist shot by Jordan Eberle.
0:35 of 1st period - Stopped by Frederik Andersen without a rebound.
0:36 of 1st period - T.J. Hensick wins face-off versus Dominic Moore in Sharks zone.
1:28 of 1st period - Wrist shot by Ryane Clowe.
1:28 of 1st period - Stopped by Cam Ward with a rebound.
1:30 of 1st period - Wrist shot by Ryane Clowe.
1:30 of 1st period - Shot Blocked by Adam Larsson.
2:18 of 1st period - Jon Merrill is hit by Cal Clutterbuck and loses puck.
2:57 of 1st period - Slapshot by Mike Green.
2:57 of 1st period - Stopped by Cam Ward with a rebound.
3:41 of 1st period - Wrist shot by Ilya Kovalchuk.
3:41 of 1st period - Shot Blocked by Boris Valabik.
4:34 of 1st period - Brad Richardson is hit by Greg Campbell and loses puck.
4:41 of 1st period - Chris Campoli is hit by Kellan Lain and loses puck.
5:14 of 1st period - Erik Cole is hit by Jordan Eberle and loses puck.
5:29 of 1st period - Ryan Whitney is hit by Brad Boyes and loses puck.
5:52 of 1st period - Ryane Clowe is hit by Steve Downie and loses puck.
5:57 of 1st period - Snap shot by Ilya Kovalchuk.
5:57 of 1st period - Shot Blocked by Boris Valabik.
5:59 of 1st period - Slapshot by Brent Seabrook.
5:59 of 1st period - Shot Blocked by Cal Clutterbuck.
6:19 of 1st period - David Legwand is hit by Brent Seabrook and loses puck.
6:32 of 1st period - Kevin Shattenkirk is hit by Brent Seabrook and loses puck.
7:35 of 1st period - Minor Penalty to Matt Duchene for Slashing.
7:36 of 1st period - David Legwand wins face-off versus Dominic Moore in Devils zone.
7:39 of 1st period - Snap shot by David Legwand.
7:39 of 1st period - Stopped by Cam Ward with a rebound.
7:41 of 1st period - Wrist shot by Brad Boyes.
7:41 of 1st period - Goal by Brad Boyes - Sharks : 1 - Devils : 0.
7:42 of 1st period - Matt Duchene wins face-off versus David Legwand in neutral zone.
7:42 of 1st period - Matt Duchene is hit by David Legwand.
7:57 of 1st period - Off-side.
7:58 of 1st period - Antoine Vermette wins face-off versus Ryan Johansen in neutral zone.
8:23 of 1st period - David Legwand is hit by Steve Downie.
8:31 of 1st period - Wrist shot by David Legwand.
8:31 of 1st period - Shot Blocked by Tyler Cuma.
8:33 of 1st period - Snap shot by Derek Boogaard.
8:33 of 1st period - Deflect By Brad Boyes.
8:33 of 1st period - Stopped by Cam Ward with a rebound.
8:51 of 1st period - Wrist shot by Nick Palmieri.
8:51 of 1st period - Stopped by Cam Ward with a rebound.
9:11 of 1st period - Dominic Moore is hit by Cal Clutterbuck and loses puck.
10:16 of 1st period - Minor Penalty to Cal Clutterbuck for Roughing.
10:17 of 1st period - Matt Duchene wins face-off versus David Legwand in Sharks zone.
10:17 of 1st period - Snap shot by Ilya Kovalchuk.
10:17 of 1st period - Shot Misses the Net.
10:31 of 1st period - Slapshot by Jordan Eberle.
10:31 of 1st period - Stopped by Frederik Andersen with a rebound.
10:55 of 1st period - Chris Campoli is hit by Dominic Moore and loses puck.
12:04 of 1st period - Icing by Brent Seabrook.
12:05 of 1st period - Matt Duchene wins face-off versus Derek Boogaard in Devils zone.
12:16 of 1st period - Penalty to Cal Clutterbuck is over, Cal Clutterbuck is back on ice.
12:29 of 1st period - Slapshot by Anthony Stewart.
12:29 of 1st period - Shot Misses the Net.
12:31 of 1st period - Slapshot by Brent Seabrook.
12:31 of 1st period - Shot Blocked by Andrej Sekera.
12:33 of 1st period - Slapshot by Brent Seabrook.
12:33 of 1st period - Shot Blocked by Chris Campoli.
13:01 of 1st period - Chris Campoli is hit by Jordan Eberle and loses puck.
13:15 of 1st period - Icing by Brent Seabrook.
13:16 of 1st period - Matt Duchene wins face-off versus Antoine Vermette in Devils zone.
13:16 of 1st period - Matt Duchene is hit by Mike Green.
13:42 of 1st period - Cal Clutterbuck is hit by Kellan Lain and loses puck.
14:00 of 1st period - Cal Clutterbuck is hit by Kellan Lain and loses puck.
14:33 of 1st period - Jon Merrill is hit by Brad Boyes and loses puck.
15:12 of 1st period - Minor Penalty to Jordan Eberle for Hooking.
15:13 of 1st period - Dominic Moore wins face-off versus David Legwand in Devils zone.
16:27 of 1st period - Cal Clutterbuck is hit by Matt Duchene and loses puck.
16:54 of 1st period - Minor Penalty to T.J. Hensick for Roughing.
16:55 of 1st period - David Legwand wins face-off versus Dominic Moore in Sharks zone.
17:12 of 1st period - Penalty to Jordan Eberle is over, Jordan Eberle is back on ice.
17:16 of 1st period - Snap shot by Jordan Eberle.
17:16 of 1st period - Shot Misses the Net.
17:18 of 1st period - Slapshot by Mike Komisarek.
17:18 of 1st period - Shot Misses the Net.
17:20 of 1st period - Wrist shot by Brent Seabrook.
17:20 of 1st period - Shot Blocked by David Legwand.
17:22 of 1st period - Slapshot by Mike Komisarek.
17:22 of 1st period - Shot Misses the Net.
17:26 of 1st period - Snap shot by Jordan Eberle.
17:26 of 1st period - Shot Blocked by Kevin Shattenkirk.
17:34 of 1st period - Snap shot by Jordan Eberle.
17:34 of 1st period - Shot Misses the Net.
17:36 of 1st period - Snap shot by Jordan Eberle.
17:36 of 1st period - Shot Misses the Net.
17:38 of 1st period - Slapshot by Brent Seabrook.
17:38 of 1st period - Goal by Brent Seabrook - Sharks : 1 - Devils : 1.
17:39 of 1st period - Matt Duchene wins face-off versus Antoine Vermette in neutral zone.
17:42 of 1st period - Chris Campoli is hit by Ilya Kovalchuk and loses puck.
18:10 of 1st period - Slapshot by Brent Seabrook.
18:10 of 1st period - Stopped by Frederik Andersen without a rebound.
18:11 of 1st period - Matt Duchene wins face-off versus T.J. Hensick in Sharks zone.
18:20 of 1st period - Snap shot by Steve Downie.
18:20 of 1st period - Deflect By Matt Duchene.
18:20 of 1st period - Stopped by Frederik Andersen without a rebound.
18:21 of 1st period - David Legwand wins face-off versus Matt Duchene in Sharks zone.
18:21 of 1st period - David Legwand is hit by Brent Seabrook.
18:27 of 1st period - Tyler Cuma is hit by David Legwand and loses puck.
18:47 of 1st period - Mike Green is hit by Ilya Kovalchuk and loses puck.
18:54 of 1st period - Wrist shot by Ryane Clowe.
18:54 of 1st period - Stopped by Cam Ward without a rebound.
18:55 of 1st period - David Legwand wins face-off versus Ryan Johansen in Devils zone.
19:04 of 1st period - Slapshot by Derek Boogaard.
19:04 of 1st period - Shot Misses the Net.
Goals for this period are 1 for Sharks vs 1 for Devils.
Shots for this period are 7 for Sharks vs 5 for Devils.
2nd period
0:01 of 2nd period - David Legwand wins face-off versus Matt Duchene in neutral zone.
0:26 of 2nd period - Ted Purcell is hit by Antoine Vermette and loses puck.
0:58 of 2nd period - Andrej Sekera is hit by Adam Larsson and loses puck.
1:12 of 2nd period - Snap shot by Matt Duchene.
1:12 of 2nd period - Stopped by Frederik Andersen without a rebound.
1:13 of 2nd period - Greg Campbell wins face-off versus Matt Duchene in Sharks zone.
1:15 of 2nd period - Icing by David Legwand.
1:16 of 2nd period - Steve Downie wins face-off versus Greg Campbell in Sharks zone.
1:17 of 2nd period - Snap shot by Matt Duchene.
1:17 of 2nd period - Deflect By Boris Valabik.
1:17 of 2nd period - Stopped by Frederik Andersen without a rebound.
1:18 of 2nd period - David Legwand wins face-off versus Matt Duchene in Sharks zone.
1:25 of 2nd period - Backhand shot by Matt Duchene.
1:25 of 2nd period - Stopped by Frederik Andersen without a rebound.
1:26 of 2nd period - Brad Boyes wins face-off versus Matt Duchene in Sharks zone.
1:28 of 2nd period - Minor Penalty to Derek Boogaard for Hooking.
1:29 of 2nd period - Matt Duchene wins face-off versus David Legwand in Sharks zone.
1:29 of 2nd period - Snap shot by Jordan Eberle.
1:29 of 2nd period - Shot Blocked by Mike Green.
2:17 of 2nd period - Antoine Vermette is hit by Tyler Cuma and loses puck.
2:39 of 2nd period - Icing by Dominic Moore.
2:40 of 2nd period - David Legwand wins face-off versus Dominic Moore in Devils zone.
3:07 of 2nd period - Jordan Eberle is hit by Andrej Sekera and loses puck.
3:28 of 2nd period - Penalty to Derek Boogaard is over, Derek Boogaard is back on ice.
3:43 of 2nd period - Slapshot by Ryan Whitney.
3:43 of 2nd period - Shot Misses the Net.
4:13 of 2nd period - Boris Valabik is hit by Matt Duchene and loses puck.
4:58 of 2nd period - Chris Campoli is hit by Brent Seabrook and loses puck.
5:17 of 2nd period - Antoine Vermette is hit by Tyler Cuma and loses puck.
5:39 of 2nd period - Icing by T.J. Hensick.
5:40 of 2nd period - Steve Ott wins face-off versus Nick Palmieri in Sharks zone.
5:41 of 2nd period - Snap shot by Anthony Stewart.
5:41 of 2nd period - Shot Blocked by Nick Palmieri.
6:07 of 2nd period - Brandon Bollig is hit by Derek Boogaard and loses puck.
6:31 of 2nd period - Off-side.
6:32 of 2nd period - Greg Campbell wins face-off versus Matt Duchene in neutral zone.
6:40 of 2nd period - Off-side.
6:41 of 2nd period - Antoine Vermette wins face-off versus Matt Duchene in neutral zone.
6:50 of 2nd period - Wrist shot by Ryane Clowe.
6:50 of 2nd period - Stopped by Cam Ward with a rebound.
6:52 of 2nd period - Wrist shot by Antoine Vermette.
6:52 of 2nd period - Stopped by Cam Ward with a rebound.
6:56 of 2nd period - Wrist shot by Cal Clutterbuck.
6:56 of 2nd period - Shot Misses the Net.
7:26 of 2nd period - Mike Komisarek is hit by Erik Cole and loses puck.
7:35 of 2nd period - Wrist shot by Erik Cole.
7:35 of 2nd period - Shot Blocked by Ilya Kovalchuk.
7:37 of 2nd period - Slapshot by Erik Cole.
7:37 of 2nd period - Stopped by Cam Ward with a rebound.
7:39 of 2nd period - Slapshot by T.J. Hensick.
7:39 of 2nd period - Shot Blocked by Ilya Kovalchuk.
7:43 of 2nd period - Slapshot by T.J. Hensick.
7:43 of 2nd period - Shot Blocked by Jon Merrill.
7:45 of 2nd period - Slapshot by Boris Valabik.
7:45 of 2nd period - Deflect By Erik Cole.
7:45 of 2nd period - Shot Misses the Net.
7:45 of 2nd period - Puck is out of play.
7:46 of 2nd period - Ryan Johansen wins face-off versus David Legwand in Devils zone.
7:46 of 2nd period - Ryan Johansen is hit by Mike Green.
7:57 of 2nd period - Icing by Tyler Cuma.
7:58 of 2nd period - David Legwand wins face-off versus Ryan Johansen in Devils zone.
8:01 of 2nd period - Snap shot by Brad Boyes.
8:01 of 2nd period - Stopped by Cam Ward without a rebound.
8:02 of 2nd period - Ryan Johansen wins face-off versus David Legwand in Devils zone.
8:55 of 2nd period - Slapshot by Ilya Kovalchuk.
8:55 of 2nd period - Stopped by Frederik Andersen without a rebound.
8:56 of 2nd period - Jordan Eberle wins face-off versus David Legwand in Sharks zone.
9:01 of 2nd period - Wrist shot by Ted Purcell.
9:01 of 2nd period - Shot Misses the Net.
9:03 of 2nd period - Slapshot by Ryan Johansen.
9:03 of 2nd period - Stopped by Frederik Andersen with a rebound.
9:05 of 2nd period - Snap shot by Ryan Johansen.
9:05 of 2nd period - Deflect By Jordan Eberle.
9:05 of 2nd period - Shot Blocked by Chris Campoli.
9:05 of 2nd period - Puck is out of play.
9:06 of 2nd period - Ryan Johansen wins face-off versus David Legwand in Sharks zone.
9:07 of 2nd period - Wrist shot by Jordan Eberle.
9:07 of 2nd period - Shot Misses the Net.
9:09 of 2nd period - Slapshot by Adam Larsson.
9:09 of 2nd period - Shot Misses the Net.
9:11 of 2nd period - Snap shot by Ted Purcell.
9:11 of 2nd period - Goal by Ted Purcell - Sharks : 1 - Devils : 2.
9:12 of 2nd period - Matt Duchene wins face-off versus David Legwand in neutral zone.
9:25 of 2nd period - Wrist shot by Matt Duchene.
9:25 of 2nd period - Shot Misses the Net.
9:37 of 2nd period - Antoine Vermette is hit by Tyler Cuma and loses puck.
9:46 of 2nd period - Wrist shot by Ryan Johansen.
9:46 of 2nd period - Shot Misses the Net.
9:48 of 2nd period - Slapshot by Ted Purcell.
9:48 of 2nd period - Deflect By Ryan Johansen.
9:48 of 2nd period - Goal by Ryan Johansen - Sharks : 1 - Devils : 3.
9:49 of 2nd period - David Legwand wins face-off versus Matt Duchene in neutral zone.
10:21 of 2nd period - Wrist shot by Antoine Vermette.
10:21 of 2nd period - Stopped by Cam Ward without a rebound.
10:22 of 2nd period - Ted Purcell wins face-off versus David Legwand in Devils zone.
10:22 of 2nd period - Ted Purcell is hit by Andrej Sekera.
10:54 of 2nd period - Slapshot by Ilya Kovalchuk.
10:54 of 2nd period - Deflect By Matt Duchene.
10:54 of 2nd period - Shot Misses the Net.
10:54 of 2nd period - Puck is out of play.
10:55 of 2nd period - Matt Duchene wins face-off versus David Legwand in Sharks zone.
11:04 of 2nd period - Wrist shot by Ilya Kovalchuk.
11:04 of 2nd period - Deflect By Steve Downie.
11:04 of 2nd period - Stopped by Frederik Andersen with a rebound.
11:06 of 2nd period - Snap shot by Ilya Kovalchuk.
11:06 of 2nd period - Stopped by Frederik Andersen with a rebound.
13:21 of 2nd period - Greg Campbell is hit by Brent Seabrook and loses puck.
14:14 of 2nd period - Snap shot by Nick Palmieri.
14:14 of 2nd period - Shot Misses the Net.
14:38 of 2nd period - T.J. Hensick is hit by Mike Komisarek and loses puck.
15:10 of 2nd period - Ryane Clowe is hit by Anthony Stewart and loses puck.
15:29 of 2nd period - Steve Ott is hit by Cal Clutterbuck and loses puck.
15:48 of 2nd period - Snap shot by Cal Clutterbuck.
15:48 of 2nd period - Shot Misses the Net.
15:50 of 2nd period - Slapshot by Chris Campoli.
15:50 of 2nd period - Deflect By Ryane Clowe.
15:50 of 2nd period - Goal by Ryane Clowe - Sharks : 2 - Devils : 3.
15:51 of 2nd period - David Legwand wins face-off versus Ilya Kovalchuk in neutral zone.
16:02 of 2nd period - Slapshot by Ilya Kovalchuk.
16:02 of 2nd period - Stopped by Frederik Andersen with a rebound.
16:04 of 2nd period - Wrist shot by Ilya Kovalchuk.
16:04 of 2nd period - Goal by Ilya Kovalchuk - Sharks : 2 - Devils : 4.
16:04 of 2nd period - Justin Pogge enters game.
16:05 of 2nd period - David Legwand wins face-off versus Matt Duchene in neutral zone.
16:07 of 2nd period - Minor Penalty to Brad Boyes for Holding.
16:08 of 2nd period - David Legwand wins face-off versus Matt Duchene in Sharks zone.
16:13 of 2nd period - Icing by Brent Seabrook.
16:14 of 2nd period - Matt Duchene wins face-off versus David Legwand in Devils zone.
18:07 of 2nd period - Penalty to Brad Boyes is over, Brad Boyes is back on ice.
18:25 of 2nd period - Snap shot by Anthony Stewart.
18:25 of 2nd period - Stopped by Justin Pogge with a rebound.
18:37 of 2nd period - Erik Cole is hit by Mike Komisarek and loses puck.
19:11 of 2nd period - Mike Green is hit by Dominic Moore and loses puck.
Goals for this period are 1 for Sharks vs 3 for Devils.
Shots for this period are 6 for Sharks vs 12 for Devils.
3rd period
0:01 of 3rd period - Derek Boogaard wins face-off versus Matt Duchene in neutral zone.
0:10 of 3rd period - Slapshot by Kevin Shattenkirk.
0:10 of 3rd period - Deflect By Matt Duchene.
0:10 of 3rd period - Stopped by Cam Ward without a rebound.
0:11 of 3rd period - Matt Duchene wins face-off versus David Legwand in Devils zone.
0:34 of 3rd period - Minor Penalty to Ryane Clowe for Tripping.
0:35 of 3rd period - Matt Duchene wins face-off versus David Legwand in Sharks zone.
1:35 of 3rd period - Slapshot by Dominic Moore.
1:35 of 3rd period - Shot Misses the Net.
1:37 of 3rd period - Slapshot by Ted Purcell.
1:37 of 3rd period - Goal by Ted Purcell - Sharks : 2 - Devils : 5.
1:38 of 3rd period - Matt Duchene wins face-off versus David Legwand in neutral zone.
1:45 of 3rd period - Slapshot by Brent Seabrook.
1:45 of 3rd period - Shot Blocked by Kevin Shattenkirk.
1:50 of 3rd period - Off-side.
1:51 of 3rd period - David Legwand wins face-off versus Ryan Johansen in neutral zone.
1:54 of 3rd period - Wrist shot by Brad Boyes.
1:54 of 3rd period - Goal by Brad Boyes - Sharks : 3 - Devils : 5.
1:55 of 3rd period - Matt Duchene wins face-off versus David Legwand in neutral zone.
1:58 of 3rd period - Wrist shot by Matt Duchene.
1:58 of 3rd period - Deflect By Ilya Kovalchuk.
1:58 of 3rd period - Shot Misses the Net.
1:58 of 3rd period - Puck is out of play.
1:59 of 3rd period - David Legwand wins face-off versus Matt Duchene in Sharks zone.
2:40 of 3rd period - Slapshot by Brad Boyes.
2:40 of 3rd period - Shot Blocked by Tyler Cuma.
3:06 of 3rd period - Wrist shot by Brad Boyes.
3:06 of 3rd period - Shot Misses the Net.
3:08 of 3rd period - Slapshot by David Legwand.
3:08 of 3rd period - Shot Misses the Net.
3:10 of 3rd period - Wrist shot by Brad Boyes.
3:10 of 3rd period - Shot Hit the Post.
3:12 of 3rd period - Slapshot by Derek Boogaard.
3:12 of 3rd period - Stopped by Cam Ward with a rebound.
3:14 of 3rd period - Wrist shot by Derek Boogaard.
3:14 of 3rd period - Stopped by Cam Ward with a rebound.
3:16 of 3rd period - Snap shot by Brad Boyes.
3:16 of 3rd period - Deflect By David Legwand.
3:16 of 3rd period - Shot Blocked by Brent Seabrook.
3:16 of 3rd period - Puck is out of play.
3:17 of 3rd period - Antoine Vermette wins face-off versus Matt Duchene in Devils zone.
3:22 of 3rd period - Wrist shot by Ryane Clowe.
3:22 of 3rd period - Stopped by Cam Ward with a rebound.
3:44 of 3rd period - Ryan Johansen is hit by Nick Palmieri.
3:48 of 3rd period - Slapshot by Ryan Whitney.
3:48 of 3rd period - Stopped by Justin Pogge with a rebound.
4:12 of 3rd period - Mark Streit is hit by Ilya Kovalchuk and loses puck.
4:52 of 3rd period - Nick Palmieri is hit by Jordan Eberle and loses puck.
6:08 of 3rd period - Snap shot by Anthony Stewart.
6:08 of 3rd period - Stopped by Justin Pogge without a rebound.
6:09 of 3rd period - Matt Duchene wins face-off versus Erik Cole in Sharks zone.
6:21 of 3rd period - Minor Penalty to Erik Cole for Tripping.
6:22 of 3rd period - David Legwand wins face-off versus Matt Duchene in Sharks zone.
6:37 of 3rd period - Minor Penalty to Mike Komisarek for Holding.
6:38 of 3rd period - David Legwand wins face-off versus Dominic Moore in Devils zone.
6:44 of 3rd period - Snap shot by David Legwand.
6:44 of 3rd period - Shot Misses the Net.
6:54 of 3rd period - Slapshot by Dominic Moore.
6:54 of 3rd period - Deflect By Mike Green.
6:54 of 3rd period - Stopped by Justin Pogge with a rebound.
7:24 of 3rd period - Slapshot by Derek Boogaard.
7:24 of 3rd period - Shot Misses the Net.
7:57 of 3rd period - Ryan Whitney is hit by Greg Campbell and loses puck.
8:18 of 3rd period - Icing by Anthony Stewart.
8:19 of 3rd period - David Legwand wins face-off versus Anthony Stewart in Devils zone.
8:21 of 3rd period - Penalty to Erik Cole is over, Erik Cole is back on ice.
8:36 of 3rd period - Slapshot by Kevin Shattenkirk.
8:36 of 3rd period - Shot Blocked by Jon Merrill.
8:37 of 3rd period - Penalty to Mike Komisarek is over, Mike Komisarek is back on ice.
8:38 of 3rd period - Wrist shot by Antoine Vermette.
8:38 of 3rd period - Stopped by Cam Ward with a rebound.
8:52 of 3rd period - Wrist shot by Mike Komisarek.
8:52 of 3rd period - Shot Misses the Net.
9:02 of 3rd period - Off-side.
9:03 of 3rd period - Greg Campbell wins face-off versus Matt Duchene in neutral zone.
9:06 of 3rd period - Snap shot by Kevin Shattenkirk.
9:06 of 3rd period - Stopped by Cam Ward with a rebound.
9:08 of 3rd period - Slapshot by Mike Green.
9:08 of 3rd period - Stopped by Cam Ward with a rebound.
9:10 of 3rd period - Slapshot by Kevin Shattenkirk.
9:10 of 3rd period - Stopped by Cam Ward without a rebound.
9:11 of 3rd period - Matt Duchene wins face-off versus Greg Campbell in Devils zone.
9:11 of 3rd period - Matt Duchene is hit by David Legwand.
9:31 of 3rd period - Slapshot by Mike Green.
9:31 of 3rd period - Stopped by Cam Ward without a rebound.
9:32 of 3rd period - Ryan Johansen wins face-off versus David Legwand in Devils zone.
10:55 of 3rd period - Boris Valabik is hit by Anthony Stewart and loses puck.
11:55 of 3rd period - Ted Purcell is hit by Andrej Sekera and loses puck.
12:19 of 3rd period - Snap shot by Ilya Kovalchuk.
12:19 of 3rd period - Shot Misses the Net.
12:21 of 3rd period - Snap shot by Matt Duchene.
12:21 of 3rd period - Shot Misses the Net.
12:23 of 3rd period - Slapshot by Jon Merrill.
12:23 of 3rd period - Shot Misses the Net.
14:14 of 3rd period - Nick Palmieri is hit by Matt Duchene and loses puck.
14:27 of 3rd period - Damien Brunner is hit by Anthony Stewart and loses puck.
14:40 of 3rd period - Ryan Whitney is hit by Ryane Clowe and loses puck.
15:24 of 3rd period - David Legwand is hit by Ryan Whitney and loses puck.
16:20 of 3rd period - Derek Boogaard is hit by Tyler Cuma and loses puck.
17:29 of 3rd period - Icing by Kevin Shattenkirk.
17:30 of 3rd period - David Legwand wins face-off versus Dominic Moore in Sharks zone.
17:51 of 3rd period - Steve Downie is hit by Antoine Vermette and loses puck.
18:28 of 3rd period - Minor Penalty to Boris Valabik for Hooking.
18:29 of 3rd period - David Legwand wins face-off versus Jordan Eberle in Sharks zone.
18:29 of 3rd period - David Legwand is hit by Jordan Eberle.
18:38 of 3rd period - David Legwand is hit by Mike Komisarek and loses puck.
19:03 of 3rd period - Andrej Sekera is hit by Dominic Moore and loses puck.
19:43 of 3rd period - Brent Seabrook is hit by Derek Boogaard and loses puck.
Goals for this period are 1 for Sharks vs 1 for Devils.
Shots for this period are 10 for Sharks vs 4 for Devils.
Back to the Top